 Dungeon Crawl Stone Soup version 0.32-a0-900-g30fb1b0edc (webtiles) character file.

Game seed: 12122646932889640183

47 Goblin1989 the Caller (level 3, 0/36 HPs)
             Began as a Demonspawn Summoner on Mar 30, 2024.
             Succumbed to an adder's poison
             ... on level 2 of the Dungeon on Apr 5, 2024.
             The game lasted 00:07:18 (1097 turns).

Goblin1989 the Caller (Demonspawn Summoner)         Turns: 1097, Time: 00:07:19

Health: 0/36       AC: 21    Str:  5 (8)  XL:     3   Next: 48%
Magic:  6/6        EV:  2    Int: 15 (17) God:
Gold:   44         SH:  0    Dex: 11 (13) Spells: 4/7 levels left

rFire   . . .        h - +0 short sword
rCold   . . .        (no shield)
rNeg    . . .        a - melded +0 robe
rPois   +            (helmet currently unavailable)
rElec   .            (cloak currently unavailable)
rCorr   .            (gloves currently unavailable)
SInv    .            m - melded +0 pair of boots
Will    .....        (no amulet)
Stlth   ++           (no ring)
HPRegen 0.26/turn    (no ring)
MPRegen 0.10/turn

%: no passive effects
@: lethally poisoned (0 -> -1), tree-form, attractive, wreathed by umbra
A: stationary, stasis, torment immunity, boosted hp, ignite blood 1, foul shadow
1
a: no special abilities


You were on level 2 of the Dungeon.
You were a tree.
You visited 1 branch of the dungeon, and saw 2 of its levels.

You collected 44 gold pieces.

Inventory:

Hand Weapons
 h - a +0 short sword (weapon)
Armour
 a - a +0 robe (melded)
 m - a +0 pair of boots (melded)
Scrolls
 c - 2 scrolls of enchant weapon {unknown}
 d - a scroll of fear {unknown}
 e - a scroll of teleportation {unknown}
 i - 2 scrolls of brand weapon {unknown}
 j - a scroll of identify {unknown}
 l - a scroll of noise {unknown}
 n - a scroll of fog {unknown}
Potions
 b - a potion of magic


   Skills:
 - Level 1.7 Dodging
 - Level 1.7 Stealth
 + Level 2.6 Spellcasting
 * Level 4.9 Summonings


You had 4 spell levels left.
You knew the following spells:

 Your Spells              Type           Power      Damage    Failure   Level
a - Summon Small Mammal   Summ           64%        N/A       2%          1
b - Call Imp              Summ           32%        N/A       4%          2

Your spell library contained the following spells:

 Spells                   Type           Power      Damage    Failure   Level
 Call Canine Familiar     Summ           16%        N/A       9%          3
 Magic Dart               Conj           4%         1d3       22%         1
 Necrotise                Necr           4%         1d4       22%         1
 Blink                    Tloc           2%         N/A       32%         2
 Ensorcelled Hibernation  Hex/Ice        2%         N/A       32%         2
 Passwall                 Erth           1%         N/A       54%         3
 Swiftness                Air            1%         N/A       54%         3
 Vampiric Draining        Necr           1%         2d6       54%         3
 Martyr's Knell           Necr/Summ      9%         N/A       58%         4
 Summon Blazeheart Golem  Fire/Summ      9%         N/A       58%         4
 Summon Lightning Spire   Summ/Air       9%         N/A       58%         4
 Curse of Agony           Necr           1%         N/A       99%         5


Dungeon Overview and Level Annotations

Branches:
Dungeon (2/15) Zot: 10852

Altars:

Shops:
D:1 *   D:2 !


Innate Abilities, Weirdness & Mutations

You are a tree.
Your roots penetrate the ground, keeping you stationary.
You cannot be teleported.
You are immune to unholy pain and torment.
Your maximum health is greatly increased.
Your equipment is partially melded.
Your demonic aura sometimes causes spilled blood to erupt in flames.
You are faintly shadowed, very rarely releasing foul flame when damaged in melee.


Message History

The adder is lightly wounded.
Your cerulean imp hits the adder but does no damage.
The adder barely misses you.
You miss the adder.
The adder is lightly wounded.
The adder bites you.
You are poisoned.
The adder poisons you!
Your cerulean imp barely misses the adder.
You take 1 damage, and have 23/24 hp.
You hit the adder but do no damage.
The adder is lightly wounded.
You feel sick. The adder closely misses you.
Your cerulean imp barely misses the adder.
The adder bites you.
You take 3 damage, and have 20/24 hp.
You closely miss the adder.
The adder is lightly wounded.
You feel sick.
Your cerulean imp barely misses the adder.
The adder bites you.
You take 4 damage, and have 16/24 hp.
You feel sick.
Your cerulean imp misses the adder.
You see here a scroll labelled RUBUZI PULYDEO.
You take 1 damage, and have 15/24 hp.
You closely miss the adder.
The adder is lightly wounded.
You feel sick.
You are no longer poisoned.
The adder barely misses you.
Your cerulean imp hits the adder with a -3 spear.
The adder bites you. The goblin barely misses you.
You take 2 damage, and have 13/24 hp.
You miss the adder.
The adder is moderately wounded.
Your cerulean imp barely misses the adder.
The adder bites you.
* * * LOW HITPOINT WARNING * * *
The goblin barely misses you.
You take 3 damage, and have 10/24 hp.
You barely miss the adder.
The adder is moderately wounded.
The adder completely misses you.
Your cerulean imp misses the adder.
The goblin barely misses you.
You hit the goblin.
The goblin is severely wounded.
The adder bites you but does no damage.
Your cerulean imp completely misses the adder.
The goblin is engulfed in blazing flames.
You kill the goblin!
The adder closely misses you.
You barely miss the adder.
The adder is moderately wounded.
Your cerulean imp closely misses the adder.
The adder bites you.
* * * LOW HITPOINT WARNING * * *
You take 4 damage, and have 7/24 hp.
You closely miss the adder.
The adder is moderately wounded.
Your cerulean imp hits the adder with a -3 spear.
The adder bites you but does no damage.
You closely miss the adder.
The adder is heavily wounded.
The adder bites you.
* * * LOW HITPOINT WARNING * * *
You are poisoned.
The adder poisons you!
Your cerulean imp hits the adder but does no damage.
You hit the adder.
The adder is severely wounded.
* * * LOW HITPOINT WARNING * * *
You feel sick. The adder bites you.
* * * LOW HITPOINT WARNING * * *
Your cerulean imp hits the adder but does no damage.
The adder closely misses you.
You take 4 damage, and have 3/24 hp.
* * * LOW HITPOINT WARNING * * *
You feel sick.
Your cerulean imp hits the adder with a -3 spear.
The adder dies!
You take 1 damage, and have 2/24 hp.
It was a potion of attraction.
You feel attractive to monsters.
* * * LOW HITPOINT WARNING * * *
You feel sick.
You take 1 damage, and have 1/24 hp.
MP restored: 6 It was a potion of lignification.
You turn into a tree.
Your +0 pair of boots melds into your body.
Your +0 robe melds into your body.
Your roots penetrate the ground.
* * * LOW HITPOINT WARNING * * *
You feel sick.
You now have 1/36 hp.
It was a potion of degeneration.
There was something very wrong with that liquid.
You feel weakened.
You feel dopey.
You feel clumsy.
* * * LOW HITPOINT WARNING * * *
You feel sick.
Unknown command.
You die...

███ █████.█ █...█.█
█...█.████████
█...█........█
█...█..██.█..████
█...█.....█♣)...█
███.........5?≈~~.███
▲...█.█[█...█.~∩≈....
███.█...█...█.≈≈~....
██████.█...█...█........
...........▲...▲.......?
█.██.......█...█......██
█.██.......█.███......█
█.██.█████...█ █......█


You could see a friendly cerulean imp (summoned).

Vanquished Creatures
  3 endoplasms
  4 jackals
  A quokka (D:1)
  A ball python (D:2)
  2 bats
  A frilled lizard (D:1)
  5 goblins
  A kobold (D:1)
  A rat (D:1)
19 creatures vanquished.

Vanquished Creatures (collateral kills)
  An adder (D:2)
  A dart slug (D:1)
  A bat (D:1)
  An endoplasm (D:1)
  A giant cockroach (D:1)
  2 hobgoblins (D:1)
  2 jackals
  2 frilled lizards (D:1)
  A goblin (D:2)
  2 kobolds (D:1)
14 creatures vanquished.

Grand Total: 33 creatures vanquished

Notes
Turn   | Place    | Note
-------+----------+-------------------------------------------
     0 | D:1      | Goblin1989 the Demonspawn Summoner began the quest for the
                  | Orb.
     0 | D:1      | Reached XP level 1. HP: 13/13 MP: 3/3
     7 | D:1      | Upgraded the game from 0.32-a0-872-g59262bdc9b to
                  | 0.32-a0-876-gcfddb08e57
     7 | D:1      | Upgraded the game from 0.32-a0-876-gcfddb08e57 to
                  | 0.32-a0-900-g30fb1b0edc
   305 | D:1      | Gained mutation: You are faintly shadowed, very rarely
                  | releasing foul flame when damaged in melee. [demonic
                  | ancestry]
   305 | D:1      | Reached XP level 2. HP: 19/19 MP: 0/5
   369 | D:1      | Learned a level 2 spell: Call Imp
   370 | D:1      | Found Vaowogeo's General Store.
   990 | D:2      | Gained mutation: Your demonic aura sometimes causes spilled
                  | blood to erupt in flames. [demonic ancestry]
   990 | D:2      | Reached XP level 3. HP: 24/24 MP: 3/6
  1071 | D:2      | Found Zaax Gigh's Distillery.
  1094 | D:2      | HP: 1/24 [poisoned by an adder]
  1097 | D:2      | Succumbed to an adder's poison

Illustrated notes

Levels and vault maps discovered:
D:1:      dpeg_arrival_arbitrary_c, layout_rooms, serial_shops, shop,
          serial_bayou, serial_bayou_lake_a, serial_bayou_pond_e,
          serial_bayou_pond_c, serial_bayou_crossing, serial_bayou_pond_c
D:2:      layout_basic, serial_shops, nicolae_shop_industrial_runoff,
          grunt_ministairs_14

Action                     || total
---------------------------++-------
  Melee: Unarmed           ||    42
         Short sword       ||    50
   Cast: Summon Small Mamm ||    17
         Call Imp          ||     8
    Use: Potion            ||     3
   Stab: Sleeping          ||     3
 Armour: Robe              ||    57
  Dodge: Dodged            ||    89

Table legend: (Time is in decaauts)
 A = Elapsed time spent in this place.
 B = Non-inter-level travel time spent in this place.
 C = Inter-level travel time spent in this place.
 D = Time resting spent in this place.
 E = Time spent auto-exploring this place.
 F = Levels seen in this place.
 G = Mean time per level.
                   A        B        C        D        E       F      G
               +--------+--------+--------+--------+--------+-----+--------+
         Total |   1147 |   1125 |     22 |    124 |    651 |   2 |  573.5 |
       Dungeon |   1147 |   1125 |     22 |    124 |    651 |   2 |  573.5 |
               +--------+--------+--------+--------+--------+-----+--------+

Top non-repeatable levels by time:
     D:1: 989 daAuts
     D:2: 158 daAuts
